 Dungeon Crawl Stone Soup version 0.28.0 (webtiles) character file.

Game seed: 11537247124186657271

1375738 jjjjhere the Conqueror (level 27, 241/241 (245) HPs)
             Began as a Hill Orc Brigand on Feb 10, 2022.
             Was a High Priest of Okawaru.
             Escaped with the Orb
             ... and 3 runes on Feb 12, 2022!
             The game lasted 03:27:15 (103865 turns).

jjjjhere the Conqueror (Hill Orc Brigand)         Turns: 103865, Time: 03:27:16

HP:   241/241 (245) AC: 41    Str: 30      XL:     27
MP:   29/29         EV: 13    Int: 10 (11) God:    Okawaru [*****.]
Gold: 3942          SH: 26    Dex: 22 (23) Spells: 27/33 levels left

rFire   + + .      SeeInvis +   y - +3 broad axe (vamp)
rCold   + + +      Faith    +   T - +0 tower shield
rNeg    + + .      Spirit   .   U - +5 gold dragon scales
rPois   +          Reflect  .   M - +0 mask of the Dragon {Will+ Slay+3 SInv}
rElec   .          Harm     .   r - scarf {rC+ rF+}
rCorr   .          Rampage  .   H - +1 pair of gloves "Piakk" {Fly rN+}
Will    +++..                   m - +0 pair of boots "Zilafae" {rC+ Dex+4}
Stlth   ..........              C - amulet of faith
HPRegen 0.50/turn               n - ring of Gacarueg {rN+ Str+6 Dex+3}
MPRegen 0.21/turn               X - ring of the Tortoise {AC+8}

@: flying, studying Unarmed Combat, lightly drained
A: antennae 1, deterioration 2, frail 1, wild magic 1
0: Orb of Zot
}: 3/15 runes: barnacled, slimy, gossamer
a: Renounce Religion, Heroism, Finesse, Duel


You escaped.
You worshipped Okawaru.
Okawaru was extremely pleased with you.
You visited 10 branches of the dungeon, and saw 52 of its levels.
You visited the Abyss 1 time.
You also visited: Sewer.

You collected 7936 gold pieces.
You spent 3994 gold pieces at shops.

Inventory:

Hand Weapons
 h - a +1 antimagic eveningstar
 y - a +3 vampiric broad axe (weapon)
Missiles
 e - 26 curare-tipped darts
 x - 12 throwing nets
 A - 15 javelins (quivered)
 W - 45 atropa-tipped darts
Armour
 d - the +0 helmet "Jivecaiq" {rCorr}
   (You bought it in a shop on level 2 of the Orcish Mines)

   rCorr:     It protects you from acid and corrosion.
 m - the +0 pair of boots "Zilafae" (worn) {rC+ Dex+4}
   (Okawaru gifted it to you on level 1 of the Elven Halls)

   Dex:       It affects your dexterity (+4).
   rC:        It protects you from cold.
 r - a scarf of resistance (worn)
 B - the +3 Mad Mage's Maulers {Infuse+∞ RegenMP Int-3}
   (You bought it in a shop on level 2 of the Orcish Mines)

   It empowers its wearer's blows with all of their magic.
   It causes its wearer's magical reserves to regenerate more quickly.
   Int:       It affects your intelligence (-3).
 H - the +1 pair of gloves "Piakk" (worn) {Fly rN+}
   (Okawaru gifted it to you on level 4 of the Pits of Slime)

   rN:        It protects you from negative energy.
   Fly:       It grants you flight.
 M - the +0 mask of the Dragon (worn) {Will+ Slay+3 SInv}
   (You found it on level 5 of the Realm of Zot)

   Slay:      It affects your accuracy & damage with ranged weapons and melee
   (+3).
   SInv:      It lets you see invisible.
   Will:      It increases your willpower.
 T - a +0 tower shield (worn)
 U - +5 gold dragon scales (worn)
 V - a +2 helmet of see invisible
Jewellery
 k - a ring of protection from fire
 n - the ring of Gacarueg (left hand) {rN+ Str+6 Dex+3}
   (You took it off an ironbound convoker on level 4 of the Vaults)

   [ring of strength]

   Str:       It affects your strength (+6).
   Dex:       It affects your dexterity (+3).
   rN:        It protects you from negative energy.
 w - a +4 ring of evasion
 C - an amulet of faith (around neck)
 L - the ring "Vuqeph" {rElec rF+}
   (You found it on level 5 of the Pits of Slime)

   [ring of protection from fire]

   rF:        It protects you from fire.
   rElec:     It insulates you from electricity.
 N - the ring "Natushi" {Will+ Dex+6 SInv}
   (You took it off a frost giant on level 2 of the Depths)

   [ring of willpower]

   Dex:       It affects your dexterity (+6).
   SInv:      It lets you see invisible.
   Will:      It increases your willpower.
 X - the ring of the Tortoise (right hand) {AC+8}
   (You bought it in a shop on level 2 of the Elven Halls)

   [ring of protection]

   AC:        It affects your AC (+8).
 Y - a +4 ring of slaying
Wands
 j - a wand of iceblast (22)
 o - a wand of flame (68)
 E - a wand of acid (15)
 O - a wand of paralysis (24)
 R - a wand of digging (6)
Scrolls
 b - 16 scrolls of blinking
 v - 8 scrolls of teleportation
 J - 5 scrolls of holy word
 Q - 9 scrolls of fear
 S - 7 scrolls of fog
Potions
 g - 3 potions of haste
 i - 6 potions of attraction
 l - 21 potions of curing
 p - 3 potions of mutation
 q - 5 potions of cancellation
 s - 4 potions of resistance
 u - 5 potions of magic
 D - a potion of invisibility
 F - 4 potions of berserk rage
 K - 4 potions of heal wounds
 P - 7 potions of flight
 Z - 4 potions of ambrosia
Miscellaneous
 G - a lightning rod (4/4)
 I - a condenser vane


   Skills:
 O Level 27 Fighting
 - Level 2.0 Short Blades
 - Level 17.2(18.4) Axes
 + Level 9.4(13.2) Maces & Flails
 - Level 14.8 Throwing
 - Level 20.7 Armour
 - Level 10.3 Dodging
 - Level 3.2 Stealth
 + Level 24.9 Shields
 - Level 3.8 Spellcasting
 - Level 7.9 Transmutations
 - Level 8.2 Earth Magic
 - Level 8.1 Invocations
 - Level 9.3 Evocations


You had 27 spell levels left.
You knew the following spells:

 Your Spells              Type           Power      Damage    Failure   Level
a - Blink                 Tloc           4%         N/A       99%         2
b - Passwall              Tmut/Erth      19%        N/A       24%         2
c - Wereblood             Tmut           23%        N/A       24%         2

Your spell library contained the following spells:

 Spells                   Type           Power      Damage    Failure   Level
 Beastly Appendage        Tmut           46%        N/A       17%         1
 Petrify                  Tmut/Erth      23%        N/A       80%         4
 Stone Arrow              Conj/Erth      26%        3d8       90%         3
 Spider Form              Tmut/Pois      12%        N/A       91%         3
 Foxfire                  Conj/Fire      8%         2x1d4     98%         1
 Freeze                   Ice            8%         1d3       98%         1
 Shock                    Conj/Air       8%         1d3       98%         1
 Slow                     Hex            8%         N/A       98%         1
 Ignite Poison            Fire/Tmut/Pois 9%         N/A       98%         3
 Lee's Rapid Deconstruct  Erth           11%        3d9*      98%         5
 Corpse Rot               Necr/Air       4%         N/A       99%         2
 Ensorcelled Hibernation  Hex/Ice        4%         N/A       99%         2
 Poisonous Vapours        Pois/Air       4%         N/A       99%         2
 Scorch                   Fire           4%         2d5       99%         2
 Static Discharge         Conj/Air       2%         N/A       99%         2
 Sublimation of Blood     Necr           2%         N/A       99%         2
 Confusing Touch          Hex            2%         N/A       100%        3
 Conjure Flame            Conj/Fire      2%         6-21      100%        3
 Dazzling Flash           Conj/Hex       4%         N/A       100%        3
 Frozen Ramparts          Ice            4%         1d2       100%        3
 Gell's Gravitas          Tloc           2%         N/A       100%        3
 Inner Flame              Hex/Fire       2%         N/A       100%        3
 Lesser Beckoning         Tloc           2%         N/A       100%        3
 Mephitic Cloud           Conj/Pois/Air  2%         N/A       100%        3
 Ozocubu's Armour         Ice            2%         N/A       100%        3
 Portal Projectile        Hex/Tloc       4%         N/A       100%        3
 Swiftness                Air            2%         N/A       100%        3
 Teleport Other           Tloc           2%         N/A       100%        3
 Vampiric Draining        Necr           2%         2d6       100%        3
 Airstrike                Air            1%         N/A       100%        4
 Anguish                  Hex/Necr       1%         N/A       100%        4
 Dispel Undead            Necr           2%         3d7       100%        4
 Flame Wave               Conj/Fire      2%         2d4       100%        4
 Hailstorm                Conj/Ice       2%         3d3       100%        4
 Ice Form                 Ice/Tmut       12%        N/A       100%        4
 Iskenderun's Mystic Bla  Conj/Tloc      2%         2d3       100%        4
 Leda's Liquefaction      Hex/Erth       6%         N/A       100%        4
 Olgreb's Toxic Radiance  Pois           2%         N/A       100%        4
 Passage of Golubria      Tloc           2%         N/A       100%        4
 Sticky Flame             Conj/Fire      2%         2d3       100%        4
 Borgnjor's Vile Clutch   Necr/Erth      6%         N/A       100%        5
 Freezing Cloud           Conj/Ice/Air   1%         6-21      100%        5
 Irradiate                Conj/Tmut      6%         3d16      100%        5
 Iskenderun's Battlesphe  Conj           2%         2d6       100%        5
 Lightning Bolt           Conj/Air       1%         1d12      100%        5
 Manifold Assault         Tloc           2%         N/A       100%        5
 Metabolic Englaciation   Hex/Ice        1%         N/A       100%        5
 Yara's Violent Unravell  Hex/Tmut       6%         3d5       100%        5
 Iron Shot                Conj/Erth      6%         9d2       100%        6
 Starburst                Conj/Fire      1%         6d3       100%        6
 Statue Form              Tmut/Erth      15%        N/A       100%        6
 Enfeeble                 Hex            1%         N/A       100%        7
 Orb of Destruction       Conj           1%         9d5       100%        7
 Ozocubu's Refrigeration  Ice            1%         4d5       100%        7
 Storm Form               Tmut/Air       6%         N/A       100%        7
 Disjunction              Tloc           1%         N/A       100%        8
 Ignition                 Fire           1%         3d3       100%        8
 Lehudib's Crystal Spear  Conj/Erth      6%         10d3      100%        8
 Maxwell's Capacitive Co  Air            1%         ∞         100%        8
 Chain Lightning          Conj/Air       1%         3d1       100%        9
 Fire Storm               Conj/Fire      1%         7d1       100%        9
 Shatter                  Erth           11%        3d12*     100%        9
 Call Canine Familiar     Summ           Unusable   N/A       N/A         3
 Summon Guardian Golem    Hex/Summ       Unusable   N/A       N/A         3
 Tukima's Dance           Hex            Unusable   N/A       N/A         3
 Animate Armour           Summ/Erth      Unusable   N/A       N/A         4
 Animate Dead             Necr           Unusable   N/A       N/A         4
 Summon Ice Beast         Ice/Summ       Unusable   N/A       N/A         4
 Summon Lightning Spire   Summ/Air       Unusable   N/A       N/A         4
 Death Channel            Necr           Unusable   N/A       N/A         6
 Simulacrum               Ice/Necr       Unusable   N/A       N/A         6
 Summon Cactus Giant      Summ           Unusable   N/A       N/A         6
 Spellforged Servitor     Conj/Summ      Unusable   N/A       N/A         7

Dungeon Overview and Level Annotations

Branches:
Dungeon (15/15)            Temple (0/1) D:7            Lair (6/6) D:10
 Shoals (4/4) Lair:4       Spider (4/4) Lair:4        Slime (5/5) Lair:5
    Orc (2/2) D:12            Elf (3/3) Orc:2        Vaults (4/5) D:14
  Crypt (0/3) Vaults:2     Depths (4/4) D:15            Zot (5/5) Depths:4
  Sewer (visited)

Altars:
Ashenzari
Elyvilon
Gozag
Hepliaklqana
Kikubaaqudgha
Makhleb
Okawaru
Qazlal
Sif Muna
Trog
Uskayaw
Vehumet
Yredelemnul
Zin
The Shining One
Beogh
Jiyva
Lugonu

Shops:
D:2 =   D:7 (   D:15 (:!   Orc:2 (:[!   Elf:1 [   Elf:2 =!::!!   Vaults:1 :
Depths:1 *

Portals:
Hell: Depths:1 Depths:2 Depths:3 Depths:4
Abyss: Depths:1 Depths:3 Depths:4
Pandemonium: Depths:2 Depths:3
Ziggurat: Depths:4

Annotations:
D:2 1 runed translucent door, Crazy Yiuf
Lair:1 2 transporters, Taxzan's ghost, journeyman MiGl
Lair:2 1 runed translucent door, Suk Xiy's ghost, journeyman DrTm
Lair:5 exclusion: oklob plant
Lair:6 exclusions: electric eel, 2 lava snakes and 2 more exclusions
Shoals:3 3 runed translucent doors
Elf:3 Roxanne
Depths:2 exclusion: downstairs
Zot:5 exclusion: obsidian statue


Innate Abilities, Weirdness & Mutations

You have a pair of small antennae on your head.
Your body often deteriorates upon taking damage.
You are frail. (-10% HP)
Your spells are a little harder to cast, but a little more powerful.


Message History

(V) Vaults (C) Crypt (U) Depths (H) Hell (Z) Zot
Where to? (Enter - D:1 @ (x,y), ? - help)
There is a stone staircase leading up, spattered with blood here.
You fly upwards.
There is a stone staircase leading down, spattered with blood here.
Items here: )))).
Things that are here:
a +0 chain mail; a +0 hand axe
There is a stone staircase leading up here.
You fly upwards.
There is a stone staircase leading down here.
You see here a +0 leather armour.
You see here a +0 giant club.
There is a stone staircase leading up here.
You fly upwards.
There is a stone staircase leading down here.
There is an escape hatch in the ceiling here.
A mysterious force pulls you upwards. The hatch slams shut behind you.
Things that are here:
11 arrows; a +0 shortbow
There is a stone staircase leading up here.
You fly upwards.
There is a stone staircase leading down here.
There is a stone staircase leading up here.
You fly upwards.
Level annotation: 1 runed translucent door, Crazy Yiuf
There is a stone staircase leading down here.
You see here 17 stones.
There is an escape hatch in the ceiling here.
A mysterious force pulls you upwards. The hatch slams shut behind you.
There is a staircase leading out of the dungeon here.
Unknown command.
Enter note: phew
Enter note: finallly a brigand win
Enter note: and that was the worst zot5 and ascent in a while
Enter note: and no good armor until scales on zot 5
Enter note: and i never use the fancy darts
Enter note: no good 1h axes either You have escaped!

...# ♣≈≈≈♣♣≈≈P♣♣P≈P♣ ###. ##.#
♣♣≈≈≈♣♣≈≈≈♣♣≈≈≈♣ #>.. ...###
♣..^.♣♣.^..♣.^.♣ #... #....#
♣PP..♣♣P..P♣...♣###... #.##.#
♣♣♣♣♣♣♣.♣♣♣♣.♣♣♣♣.♣♣#.....
#.##.#♣♣P≈.P♣........♣♣P.♣
#.####
#...>#♣8≈≈^..........♣♣P.###.#
######♣♣P≈.P♣.......)PP......#
♣♣♣♣♣♣...@............#
♣♣≈≈.P♣.......P.P......####
♣8≈≈^..........♣♣..######..
♣♣P≈.P♣........♣♣..♣ #.....
♣♣♣♣♣♣♣.♣♣♣♣.♣♣♣♣.♣♣#.##..
♣PP..♣♣P..P♣...♣#.##.. #####
♣..^.♣♣.^..♣.^.♣#.####
....#### ♣♣≈≈≈♣♣≈≈≈♣♣≈≈≈♣#.#
.##.#..#####♣≈≈P♣♣≈≈P♣♣P≈P♣#.#


There were no monsters in sight!

Vanquished Creatures
  the Royal Jelly (Slime:5)
  2 dread liches (Zot:5)
  4 orbs of fire (Zot:5)
  A juggernaut (Depths:4)
  9 Killer Klowns (Zot:5)
  2 curse toes
  2 caustic shrikes
  10 golden dragons
  Arachne (Spider:4)
  2 electric golems
  The ghost of agentgt the Covert, an adept HuVM of Kikubaaqudgha (Elf:1)
  2 hellephants (Depths:3)
  Jorgrun (Spider:1)
  21 tentacled monstrosities
  2 liches (Depths:2)
  Mlioglotl (Shoals:3)
  2 titans (Vaults:4)
  27 Orb Guardians
  4 quicksilver dragons
  A deep elf blademaster (Elf:3)
  A walking divine tome (Depths:2)
  2 deep elf master archers (Elf:3)
  An Executioner (Abyss:3)
  A sphinx (Depths:3)
  Polyphemus (Shoals:4)
  A kraken (Shoals:4)
  4 tentacled starspawn (Abyss:3)
  4 death cobs
  3 tengu reavers
  26 acid blobs
  Donald (Shoals:3)
  8 shadow dragons
  Kirke (Shoals:3)
  13 rockslimes
  Ilsuiw (Shoals:4)
  13 azure jellies
  12 storm dragons
  3 draconian knights
  A pandemonium lord (Zot:5)
  2 draconian monks
  9 deep elf sorcerers
  4 fire giants
  3 balrugs
  Louise (Depths:4)
  2 iron dragons
  4 orc warlords
  9 frost giants
  4 emperor scorpions
  6 draconian scorchers
  5 ghost moths
  3 deep elf elementalists (Elf:3)
  16 ironbound preservers
  10 vault wardens
  3 draconian annihilators
  2 angels (Vaults:3)
  A ghoul (Vaults:2)
  A draconian shifter (Abyss:3)
  A demonspawn corrupter (D:13)
  A reaper (Depths:1)
  11 quicksilver oozes
  5 draconian stormcallers
  A broodmother (Spider:1)
  A spriggan defender (Depths:3)
  22 very ugly things
  5 ironbound thunderhulks
  A war gargoyle (Vaults:4)
  7 stone giants
  2 vampire knights
  5 black draconians
  7 deep elf annihilators
  A demonspawn black sun (D:13)
  11 red draconians
  8 white draconians
  6 green draconians
  6 spark wasps
  6 entropy weavers
  6 deep elf demonologists
  9 purple draconians
  15 yellow draconians
  8 dire elephants
  2 pale draconians (Depths:4)
  5 deep elf death magi
  4 merfolk javelineers
  Josephine (D:12)
  14 merfolk impalers
  5 deep elf high priests
  Snorg (D:14)
  7 ettins
  9 great orbs of eyes
  15 fire dragons
  4 rakshasas
  7 ice dragons
  Harold (D:10)
  A peacekeeper (Vaults:4)
  8 yaktaur captains
  3 boulder beetles
  A naga warrior (Abyss:3)
  Erolcha (D:13)
  3 ogre magi (Orc:2)
  8 vault guards
  8 ironbound frosthearts
  3 spriggan air magi
  8 hydras
  3 alligator snapping turtles (Shoals:2)
  6 merfolk aquamancers
  6 jorogumos
  A death knight (D:13)
  18 centaur warriors
  5 radroaches
  Erica (D:9)
  2 catoblepae
  4 merfolk avatars
  4 alligators (Shoals:2)
  15 deep troll earth magi
  34 dancing weapons
  8 deep troll shamans
  7 two-headed ogres
  A vampire mage (Vaults:2)
  A death scarab (Spider:3)
  5 hell hogs (Depths:3)
  6 death yaks
  4 tengu warriors
  5 spriggan berserkers
  18 deep elf knights
  4 spriggans
  4 sun demons (Zot:5)
  7 hell knights
  5 skeletal warriors (D:14)
  A soul eater (Depths:3)
  5 pharaoh ants
  Nergalle (Orc:2)
  2 wretched stars (Abyss:3)
  A goliath frog (Shoals:2)
  7 sun moths
  A salamander mystic (Depths:1)
  15 iron trolls
  65 deep trolls
  A flayed ghost (Vaults:4)
  3 glowing orange brains
  15 sea snakes
  9 wizards
  A shadow demon (D:13)
  6 orb spiders
  6 steelbarb worms
  9 deep elf archers
  10 ironbound convokers
  11 orc knights
  3 lindwurms
  16 harpies
  26 wolf spiders
  22 deep elf zephyrmancers
  2 phantasmal warriors
  12 orc sorcerers
  38 deep elf pyromancers
  15 fauns
  7 shining eyes
  36 ugly things
  7 cyclopes
  4 salamanders
  9 manticores
  19 moths of wrath
  21 vault sentinels
  5 black mambas
  A guardian serpent (Abyss:3)
  3 eyes of devastation
  4 elephants (Lair:3)
  4 smoke demons
  Maurice (D:10)
  6 water nymphs
  9 merfolk sirens
  A hellion (Zot:1)
  A molten gargoyle (Depths:1)
  Maggie (D:10)
  3 centaur skeletons (D:14)
  4 unseen horrors
  2 orange demons
  10 torpor snails
  10 cane toads
  3 gargoyles
  An unseen horror (shapeshifter) (Depths:2)
  4 efreet
  Psyche (D:10)
  7 demonic crawlers
  6 komodo dragons
  5 freezing wraiths
  33 yaktaurs
  3 rime drakes
  4 tengu conjurers
  A komodo dragon (shapeshifter) (Elf:1)
  A hellwing (Depths:2)
  4 trolls
  11 polar bears
  A yaktaur (shapeshifter) (Elf:1)
  6 meliai
  10 wind drakes
  103 slime creatures
  3 tyrant leeches (Lair:6)
  13 hornets
  30 merfolk
  9 raiju
  A raiju (shapeshifter) (Depths:3)
  17 tarantellas
  A tarantella (shapeshifter) (Elf:1)
  9 dream sheep
  14 blink frogs
  6 snapping turtles
  4 flying skulls (Abyss:3)
  26 culicivoras
  An ettin skeleton (Abyss:3)
  3 air elementals
  19 water elementals
  29 jumping spiders
  7 wraiths
  A ynoxinul (Abyss:3)
  3 vampires
  40 yaks
  6 wyverns
  2 shadows (D:10)
  6 basilisks
  3 hogs (Shoals:3)
  3 humans (Shoals:3)
  2 fire elementals (Elf:2)
  2 neqoxecs
  60 redbacks
  6 vampire mosquitoes (D:12)
  A chaos spawn (Abyss:3)
  4 steam dragons
  3 large abominations (Abyss:3)
  8 wargs
  5 acid dragons
  A naga (Abyss:3)
  A naga (shapeshifter) (D:14)
  4 water moccasins
  11 hell hounds (Lair:6)
  An ice beast (D:5)
  14 black bears
  21 ogres
  2 necrophages
  3 sky beasts
  21 orc warriors
  A boggart (D:14)
  17 centaurs
  26 wolves
  2 phantoms
  3 kobold brigands
  A small abomination (Zot:5)
  3 gnoll sergeants
  6 bullfrogs
  A wyvern zombie (D:7)
  4 earth elementals
  3 scorpions
  A water moccasin skeleton (D:4)
  14 killer bees
  7 centaur zombies
  A quasit (Abyss:3)
  A gnoll shaman (D:9)
  8 jellies
  17 orc priests
  A bullfrog skeleton (D:7)
  An iguana (D:6)
  32 orc wizards
  7 hell rats
  4 hound skeletons (D:4)
  3 howler monkey zombies
  24 gnolls
  12 adders
  2 shadow imps
  2 white imps
  An ufetubus (Abyss:3)
  A worm (D:1)
  2 dart slugs
  An orc (shapeshifter) (Vaults:4)
  59 orcs
  11 endoplasms
  6 giant cockroaches
  6 goblins
  11 hobgoblins
  4 jackals (D:5)
  16 kobolds
  7 quokkas
  7 ball pythons
  3 bats
  4 frilled lizards
  19 rats
  A spectral orc (D:5)
  5 starspawn tentacles (Abyss:3)
  5 tentacles
2190 creatures vanquished.

Vanquished Creatures (others)
  A fire giant (Depths:3)
  A deep elf knight (Elf:2)
  A wizard (Depths:1)
  A deep elf zephyrmancer (Elf:2)
  A centaur skeleton (D:14)
  A merfolk (Shoals:2)
  A culicivora (Spider:4)
  2 orc wizards (Orc:2)
  An ufetubus (Elf:3)
  A kobold (D:14)
  30 fungi
  92 plants
  9 starspawn tentacles (Abyss:3)
  28 tentacles
170 creatures vanquished.

Grand Total: 2360 creatures vanquished

Notes
Turn   | Place    | Note
-------+----------+-------------------------------------------
     0 | D:1      | jjjjhere the Hill Orc Brigand began the quest for the Orb.
     0 | D:1      | Reached XP level 1. HP: 18/18 MP: 1/1
   113 | D:1      | Reached skill level 3 in Fighting
   175 | D:1      | Reached XP level 2. HP: 26/26 MP: 2/2
   228 | D:1      | Found a faded altar of an unknown god.
   958 | D:1      | Reached skill level 4 in Fighting
   969 | D:1      | Reached XP level 3. HP: 28/33 MP: 3/3
  1151 | D:2      | Found an iron altar of Okawaru.
  1161 | D:2      | Became a worshipper of Warmaster Okawaru
  1181 | D:2      | Found Zoirosch's Jewellery Shop.
  1576 | D:3      | Reached skill level 5 in Fighting
  1587 | D:3      | Found a glowing drain.
  1596 | D:3      | Reached XP level 4. HP: 42/42 MP: 4/4
  1632 | Sewer    | Entered a sewer
  1780 | D:2      | Reached skill level 6 in Fighting
  1951 | D:2      | Found a runed translucent door.
  1952 | D:2      | Noticed Crazy Yiuf
  1998 | D:1      | HP: 14/44 [gnoll (2)]
  2000 | D:1      | Reached XP level 5. HP: 17/50 MP: 5/5
  2272 | D:2      | Reached skill level 1 in Maces & Flails
  3143 | D:3      | Noticed a phantom
  3184 | D:3      | Killed a phantom
  3184 | D:3      | Reached * piety under Okawaru
  3185 | D:3      | Reached XP level 6. HP: 34/57 MP: 6/6
  3873 | D:4      | Reached skill level 5 in Maces & Flails
  3936 | D:4      | Found a stormy altar of Qazlal.
  4004 | D:4      | Noticed a necrophage
  4027 | D:3      | Killed a necrophage
  4028 | D:3      | Reached XP level 7. HP: 60/63 MP: 4/7
  4391 | D:4      | Reached ** piety under Okawaru
  4738 | D:5      | Entered Level 5 of the Dungeon
  4949 | D:5      | HP: 18/63 [centaur/arrow (6)]
  4959 | D:4      | HP: 17/63 [centaur (4)]
  4963 | D:4      | HP: 1/63 [acid (11)]
  5497 | D:5      | Reached XP level 8. HP: 58/70 MP: 8/8
  5509 | D:5      | Reached skill level 5 in Axes
  6001 | D:5      | HP: 23/70 [poisoned by a scorpion]
  6399 | D:5      | Found a basalt altar of Yredelemnul.
  6650 | D:6      | Found an iron altar of Okawaru.
  6756 | D:6      | Noticed a two-headed ogre
  6779 | D:6      | Killed a two-headed ogre
  6779 | D:6      | Reached *** piety under Okawaru
  6780 | D:6      | Reached XP level 9. HP: 57/75 MP: 7/9
  7044 | D:6      | Reached **** piety under Okawaru
  7116 | D:6      | Reached skill level 1 in Shields
  7126 | D:6      | Identified the +7 mace of the Hills {speed, Will+ Dex+5}
  7635 | D:6      | Found a shimmering blue altar of Sif Muna.
  7695 | D:6      | Found a hide-covered altar of Uskayaw.
  8008 | D:7      | Found Renylu's Antique Weapon Shoppe.
  8120 | D:7      | Found a staircase to the Ecumenical Temple.
  8367 | D:7      | Found a glowing silver altar of Zin.
  8917 | D:7      | Reached XP level 10. HP: 82/83 MP: 10/10
 10405 | D:8      | Reached skill level 5 in Shields
 10405 | D:8      | Reached skill level 1 in Invocations
 10718 | D:9      | Noticed a two-headed ogre
 10741 | D:9      | Killed a two-headed ogre
 10741 | D:9      | Reached ***** piety under Okawaru
 11722 | D:9      | Found a burning altar of Makhleb.
 11750 | D:9      | HP: 26/83 [something (3)]
 11755 | D:9      | HP: 24/83 [something (3)]
 11760 | D:9      | HP: 11/83 [something (1)]
 11764 | D:9      | Killed an unseen horror
 11765 | D:9      | Reached skill level 15 in Axes
 11765 | D:9      | Reached skill level 5 in Invocations
 11836 | D:9      | HP: 27/83 [centaur zombie (1)]
 12099 | D:9      | Noticed Erica
 12110 | D:9      | Killed Erica
 12111 | D:9      | Reached XP level 11. HP: 89/89 MP: 12/15
 12284 | D:9      | Found a glowing golden altar of the Shining One.
 12288 | D:9      | Found a hazy altar of Hepliaklqana.
 12326 | D:10     | Entered Level 10 of the Dungeon
 12328 | D:10     | Noticed Psyche
 12875 | D:10     | Found an opulent altar of Gozag.
 12939 | D:10     | Noticed a cyan ugly thing
 12951 | D:10     | Killed a cyan ugly thing
 12952 | D:10     | Reached skill level 1 in Armour
 13042 | D:10     | Noticed Maurice
 13414 | D:10     | Noticed Maggie
 13430 | D:10     | Killed Psyche
 13432 | D:10     | Killed Maggie
 13503 | D:10     | You fall into a shaft and drop 3 floors!
 13509 | D:13     | Noticed a phantasmal warrior
 13514 | D:13     | Noticed a boulder beetle
 13545 | D:13     | Noticed a cyclops
 13553 | D:13     | Killed a cyclops
 13553 | D:13     | Received a gift from Okawaru
 13567 | D:13     | Noticed a moth of wrath
 13606 | D:13     | Noticed a centaur warrior
 13618 | D:13     | Killed a centaur warrior
 13707 | D:13     | Noticed a centaur warrior
 13808 | D:12     | Noticed a manticore
 13819 | D:12     | Killed a manticore
 13898 | D:12     | Noticed a two-headed ogre
 13904 | D:12     | Killed a two-headed ogre
 14211 | D:11     | Noticed a cyclops
 14377 | D:10     | Killed Maurice
 14475 | D:10     | Noticed a two-headed ogre
 14485 | D:10     | Killed a two-headed ogre
 14713 | D:10     | Noticed Harold
 14730 | D:10     | Killed Harold
 14730 | D:10     | Received a gift from Okawaru
 14731 | D:10     | Reached skill level 5 in Armour
 15102 | D:10     | Found a staircase to the Lair.
 15111 | D:10     | Reached XP level 12. HP: 95/97 MP: 16/16
 15381 | Lair:1   | Entered Level 1 of the Lair of Beasts
 15381 | Lair:1   | You fall into a shaft and drop 1 floor!
 15415 | Lair:2   | Noticed an eight-headed hydra
 15440 | Lair:2   | Killed a five-headed hydra
 15532 | Lair:1   | Reached skill level 8 in Fighting
 15532 | Lair:1   | Reached skill level 10 in Shields
 15532 | Lair:1   | Reached XP level 13. HP: 108/108 MP: 17/17
 15800 | Lair:1   | Noticed Taxzan's ghost (journeyman MiGl)
 15804 | Lair:1   | Found a bloodstained altar of Trog.
 15810 | Lair:1   | Found a transporter.
 15820 | Lair:1   | Found a transporter.
 16171 | Lair:1   | Reached skill level 1 in Dodging
 16269 | Lair:2   | Found a runed translucent door.
 16269 | Lair:2   | Noticed Suk Xiy's ghost (journeyman DrTm)
 17158 | Lair:3   | Reached skill level 9 in Fighting
 17579 | Lair:3   | Received a gift from Okawaru
 18176 | Lair:3   | Identified a scroll of acquirement
 18177 | Lair:3   | Acquired 471 gold pieces
 18838 | Lair:4   | Reached skill level 10 in Fighting
 19302 | Lair:4   | Received a gift from Okawaru
 19868 | Lair:4   | Reached XP level 14. HP: 110/122 MP: 16/18
 20363 | Lair:4   | Reached skill level 11 in Fighting
 20454 | Lair:4   | Found a staircase to the Shoals.
 20622 | Lair:4   | Found a hole to the Spider Nest.
 21272 | Lair:5   | Reached skill level 10 in Armour
 21281 | Lair:5   | Found a viscous altar of Jiyva.
 21281 | Lair:5   | Found a staircase to the Slime Pits.
 21946 | Lair:6   | Entered Level 6 of the Lair of Beasts
 22208 | Lair:5   | Received a gift from Okawaru
 22293 | Lair:6   | Reached ****** piety under Okawaru
 22777 | Lair:6   | Reached skill level 12 in Fighting
 22886 | Lair:6   | Found a runed translucent door.
 23736 | Lair:6   | Identified the -1 hat "Hiubaexa" {rF+ rC+ rN+ Dex+3}
                  | (Okawaru gifted it to you on level 6 of the Lair of Beasts)
 23736 | Lair:6   | Received a gift from Okawaru
 24478 | Lair:6   | Reached skill level 13 in Fighting
 24516 | Lair:6   | Identified the +3 scale mail "Rohog" {Regen+ Str-5 Int+4}
 24786 | Lair:6   | Reached XP level 15. HP: 136/136 MP: 19/19
 26280 | D:12     | Noticed Josephine
 26288 | D:12     | Killed Josephine
 26288 | D:12     | Identified the +1 storm dragon scales "Pyunekh" {rElec
                  | Will- Str+5 SInv} (Okawaru gifted it to you on level 12 of
                  | the Dungeon)
 26288 | D:12     | Received a gift from Okawaru
 26410 | D:12     | Found a staircase to the Orcish Mines.
 26422 | D:12     | Found a roughly hewn altar of Beogh.
 26970 | D:12     | Reached skill level 14 in Fighting
 27416 | Orc:1    | Entered Level 1 of the Orcish Mines
 27449 | Orc:2    | Entered Level 2 of the Orcish Mines
 28369 | Orc:1    | Reached skill level 15 in Shields
 28943 | Orc:2    | Found a staircase to the Elven Halls.
 29623 | Orc:2    | Paralysed by an orc sorcerer for 5 turns
 29637 | Orc:2    | Paralysed by an orc sorcerer for 6 turns
 29802 | Orc:2    | Received a gift from Okawaru
 29879 | Orc:2    | Found Kias's Book Emporium.
 29914 | Orc:2    | Found a radiant altar of Vehumet.
 29972 | Orc:2    | Found Taitido's Distillery.
 29982 | Orc:2    | Noticed Nergalle
 29983 | Orc:2    | Found an ancient bone altar of Kikubaaqudgha.
 30015 | Orc:2    | Killed Nergalle
 30121 | Orc:2    | Found a roughly hewn altar of Beogh.
 30469 | Orc:2    | Found Pato's Antique Armour Shoppe.
 30480 | Orc:2    | Found Syzyc's Antique Weapon Shoppe.
 30500 | Orc:2    | Bought a blackened helmet for 228 gold pieces
 30500 | Orc:2    | Identified the +0 helmet "Jivecaiq" {rCorr} (You bought it
                  | in a shop on level 2 of the Orcish Mines)
 30605 | Orc:2    | Bought the +3 Mad Mage's Maulers {Infuse+∞ RegenMP Int-3}
                  | for 960 gold pieces
 30605 | Orc:2    | Found the +3 Mad Mage's Maulers {Infuse+∞ RegenMP Int-3}
 30644 | Orc:2    | Bought a potion of curing for 51 gold pieces
 30644 | Orc:2    | Bought 2 potions of haste for 340 gold pieces
 30644 | Orc:2    | Bought a potion of curing for 51 gold pieces
 30644 | Orc:2    | Bought a potion of might for 68 gold pieces
 30866 | Spider:1 | Entered Level 1 of the Spider Nest
 30912 | Lair:4   | HP: 43/131 [poisoned by a redback]
 31671 | Spider:1 | Noticed an emperor scorpion
 31685 | Spider:1 | Killed an emperor scorpion
 31697 | Spider:1 | Identified the +0 buckler of the Camelopard {rElec Int-5
                  | Dex+4} (Okawaru gifted it to you on level 1 of the Spider
                  | Nest)
 31697 | Spider:1 | Received a gift from Okawaru
 31930 | Spider:1 | Noticed Jorgrun
 31932 | Spider:1 | Reached skill level 15 in Fighting
 31946 | Spider:1 | Killed Jorgrun
 32086 | Spider:1 | Reached XP level 16. HP: 104/149 MP: 21/21
 32932 | Spider:2 | HP: 47/149 [wolf spider (25)]
 33555 | Spider:2 | Received a gift from Okawaru
 33812 | Spider:2 | Received a gift from Okawaru
 33817 | Spider:2 | Reached skill level 5 in Dodging
 33877 | Spider:2 | Received a gift from Okawaru
 35170 | Spider:3 | Reached skill level 5 in Throwing
 35395 | Spider:3 | Identified the +8 fustibalus of Mathra Reonk {vorpal, Will+
                  | Dex+5} (Okawaru gifted it to you on level 3 of the Spider
                  | Nest)
 35395 | Spider:3 | Received a gift from Okawaru
 35563 | Spider:3 | Reached skill level 16 in Fighting
 36281 | Spider:3 | Reached skill level 1 in Evocations
 37083 | Spider:3 | Identified the amulet "Daocagi" {Reflect *Slow Int+3 Dex+6
                  | SH+5}
 37739 | Spider:4 | Entered Level 4 of the Spider Nest
 37801 | Spider:4 | Received a gift from Okawaru
 38084 | Spider:4 | HP: 35/152 [radroach (17)]
 38084 | Spider:4 | Gained mutation: Your body sometimes deteriorates upon
                  | taking damage. [mutagenic glow]
 38101 | Spider:4 | Gained mutation: You tend to lose your temper in combat.
                  | [mutagenic glow]
 38128 | Spider:4 | Gained mutation: Armour fits poorly on your strangely
                  | shaped body. [mutagenic glow]
 38436 | Spider:4 | Lost mutation: Armour fits poorly on your strangely shaped
                  | body. [potion of mutation]
 38436 | Spider:4 | Lost mutation: Your body sometimes deteriorates upon taking
                  | damage. [potion of mutation]
 38436 | Spider:4 | Lost mutation: You tend to lose your temper in combat.
                  | [potion of mutation]
 38436 | Spider:4 | Gained mutation: Your muscles are strong. (Str +2) [potion
                  | of mutation]
 38436 | Spider:4 | Gained mutation: You are strong-willed. (Will+) [potion of
                  | mutation]
 38436 | Spider:4 | Gained mutation: Your spells are a little easier to cast,
                  | but a little less powerful. [potion of mutation]
 39411 | Spider:3 | Reached XP level 17. HP: 114/160 MP: 20/22
 39551 | Spider:4 | Received a gift from Okawaru
 40200 | Spider:4 | Noticed Arachne
 40345 | Spider:4 | HP: 52/160 [poisoned by Arachne (bolt of poison)]
 40346 | Spider:4 | Killed Arachne
 40347 | Spider:4 | Reached skill level 17 in Fighting
 40347 | Spider:4 | Reached skill level 5 in Evocations
 40350 | Spider:4 | HP: 41/161 [poisoned by Arachne (bolt of poison)]
 40355 | Spider:4 | HP: 37/161 [poisoned by Arachne (bolt of poison)]
 41294 | Spider:4 | Identified the -3 pair of boots of Heorop {rN+ Str+4}
                  | (Okawaru gifted it to you on level 4 of the Spider Nest)
 41294 | Spider:4 | Received a gift from Okawaru
 42488 | Spider:4 | Got a gossamer rune of Zot
 42755 | Shoals:1 | Entered Level 1 of the Shoals
 44293 | Shoals:1 | Received a gift from Okawaru
 44297 | Shoals:1 | Reached skill level 18 in Fighting
 45300 | Shoals:2 | Reached XP level 18. HP: 158/172 MP: 23/23
 48614 | Shoals:3 | Noticed Mlioglotl
 48626 | Shoals:3 | Killed Mlioglotl
 48636 | Shoals:3 | Received a gift from Okawaru
 48637 | Shoals:3 | Reached skill level 15 in Armour
 48689 | Shoals:3 | Noticed Kirke
 48703 | Shoals:3 | Killed Kirke
 48871 | Shoals:3 | Found a runed translucent gate.
 48871 | Shoals:3 | Found a runed translucent gate.
 48871 | Shoals:3 | Found a runed translucent gate.
 48902 | Shoals:3 | Reached skill level 19 in Fighting
 48942 | Shoals:3 | Identified the +0 kite shield "Orankane" {Dex+2 Stlth+}
 48942 | Shoals:3 | Noticed Donald
 48952 | Shoals:3 | Killed Donald
 49259 | Shoals:4 | Entered Level 4 of the Shoals
 49616 | Shoals:4 | Noticed Polyphemus
 49621 | Shoals:4 | Identified the +5 troll leather armour of the Mantidfly
                  | {Fly Will+ Regen+ Int-4 Dex+3} (Okawaru gifted it to you on
                  | level 4 of the Shoals)
 49621 | Shoals:4 | Received a gift from Okawaru
 49636 | Shoals:4 | Killed Polyphemus
 50174 | Shoals:4 | Noticed Ilsuiw
 50212 | Shoals:4 | Killed Ilsuiw
 50213 | Shoals:4 | HP: 54/176 [merfolk impaler (10)]
 51566 | Shoals:4 | HP: 54/177 [merfolk impaler (17)]
 51572 | Shoals:4 | HP: 35/177 [merfolk impaler (18)]
 52742 | Shoals:4 | Got a barnacled rune of Zot
 52761 | Shoals:4 | Identified the +7 trident "Xylalos" {venom, Will++ Str-4
                  | Dex+2}
 53369 | D:13     | Reached XP level 19. HP: 167/184 MP: 22/24
 53463 | D:13     | Noticed Erolcha
 53479 | D:13     | Killed Erolcha
 53479 | D:13     | Received a gift from Okawaru
 53930 | D:13     | Found a bloodstained altar of Trog.
 54249 | D:14     | Reached skill level 20 in Fighting
 54777 | D:14     | Received a gift from Okawaru
 55453 | D:14     | Noticed Snorg
 55464 | D:14     | Killed Snorg
 55677 | D:14     | Found a gate to the Vaults.
 56029 | Vaults:1 | Entered Level 1 of the Vaults
 57177 | Vaults:1 | Received a gift from Okawaru
 57320 | Vaults:1 | Found Kulem's Book Emporium.
 58922 | Vaults:2 | Received a gift from Okawaru
 59190 | Vaults:2 | Reached skill level 21 in Fighting
 59540 | Vaults:2 | Reached XP level 20. HP: 96/198 MP: 25/25
 59547 | Vaults:2 | Received a gift from Okawaru
 59878 | Vaults:2 | Reached skill level 10 in Throwing
 60562 | Vaults:2 | HP: 60/198 [white very ugly thing (20)]
 60569 | Vaults:2 | Received a gift from Okawaru
 60571 | Vaults:2 | HP: 50/198 [deep troll[an ironbound preserver] (13)]
 61023 | Vaults:2 | Received a gift from Okawaru
 61407 | Vaults:2 | Found a staircase to the Crypt.
 62471 | Vaults:2 | Received a gift from Okawaru
 63260 | Vaults:3 | Reached skill level 22 in Fighting
 63996 | Vaults:3 | Received a gift from Okawaru
 64433 | Vaults:3 | Found a white marble altar of Elyvilon.
 64433 | Vaults:3 | Found a glowing golden altar of the Shining One.
 64448 | Vaults:3 | Identified the +4 trident of Res Nullius {vorpal, rElec}
                  | (Okawaru gifted it to you on level 3 of the Vaults)
 64448 | Vaults:3 | Received a gift from Okawaru
 64449 | Vaults:3 | Reached skill level 10 in Dodging
 64579 | Vaults:3 | Found a glowing silver altar of Zin.
 65275 | Vaults:4 | Identified the +3 ring mail of the Candlemaker {Rampage
                  | MP+9 Str+3 SInv}
 65504 | Vaults:4 | HP: 66/200 [dire elephant (11)]
 66202 | Vaults:4 | Reached XP level 21. HP: 200/209 MP: 26/26
 66283 | Vaults:4 | Received a gift from Okawaru
 67333 | Vaults:4 | Identified the +11 halberd of Gookugim {drain, rF+ rN+
                  | Str+4 Int-2}
 67333 | Vaults:4 | Identified the +0 troll leather armour "Wutiats" {+Inv
                  | rElec Regen+ Str+3}
 67680 | Vaults:4 | Identified the +12 flail of Raty {speed, rElec Will+}
 67692 | Vaults:4 | HP: 48/177 [tengu reaver (29)]
 67693 | Vaults:4 | Received a gift from Okawaru
 68155 | Vaults:4 | HP: 41/187 [titan/bolt of lightning (40)]
 68755 | Vaults:4 | Noticed a golden dragon
 68783 | Vaults:4 | Killed a golden dragon
 68784 | Vaults:4 | Reached skill level 23 in Fighting
 68888 | Vaults:4 | Identified the ring of Gacarueg {rN+ Str+6 Dex+3}
 68890 | Vaults:4 | Received a gift from Okawaru
 68890 | Vaults:4 | Noticed a golden dragon
 68910 | Vaults:4 | Killed a golden dragon
 69192 | Vaults:4 | Got Sif Muna's Compendium of Fire
 69432 | D:15     | Entered Level 15 of the Dungeon
 69678 | D:15     | Found Fimp's Antique Weapon Shoppe.
 69684 | D:15     | Found Kuas's Distillery.
 69712 | D:15     | Found Cutefounk's Book Emporium.
 69983 | D:15     | Found a staircase to the Depths.
 70240 | Depths:1 | Entered Level 1 of the Depths
 70426 | Depths:1 | Found a one-way gate to the infinite horrors of the Abyss.
 70516 | Depths:1 | Identified the +9 falchion of Uskayaw's Delight {vamp,
                  | +Blink rPois rF- SInv}
 71034 | Depths:1 | Identified the +8 morningstar of Mayhem {venom, rElec rPois
                  | rN+ rCorr} (Okawaru gifted it to you on level 1 of the
                  | Depths)
 71034 | Depths:1 | Received a gift from Okawaru
 71277 | Depths:1 | Found Dyffebisk's CLEARANCE SALE!.
 71284 | Depths:1 | Bought a scroll of brand weapon for 120 gold pieces
 71550 | Depths:1 | Found a gateway to Hell.
 72965 | Depths:2 | Received a gift from Okawaru
 73176 | Depths:2 | Reached XP level 22. HP: 217/222 MP: 27/27
 73666 | Depths:2 | Noticed a caustic shrike
 73676 | Depths:2 | Killed a caustic shrike
 73728 | Depths:2 | Noticed a golden dragon
 73744 | Depths:2 | Killed a golden dragon
 73973 | Depths:2 | Identified the +1 scale mail of Parlour Games {Rampage
                  | Will+}
 74126 | Depths:2 | Noticed a caustic shrike
 74150 | Depths:2 | Received a gift from Okawaru
 74151 | Depths:2 | Reached skill level 24 in Fighting
 74823 | Depths:2 | Found a one-way gate leading to the halls of Pandemonium.
 74929 | Depths:3 | Killed a caustic shrike
 75099 | Depths:3 | Identified the +6 hand axe of Guile {vorpal, *Corrode
                  | Dex+5} (Okawaru gifted it to you on level 3 of the Depths)
 75099 | Depths:3 | Received a gift from Okawaru
 75867 | Depths:3 | Identified the ring "Natushi" {Will+ Dex+6 SInv}
 76337 | Depths:3 | Found a corrupted altar of Lugonu.
 76660 | Depths:3 | Identified the +8 battleaxe of the Shore {protect, rF-
                  | Will+ MP+9} (Okawaru gifted it to you on level 3 of the
                  | Depths)
 76660 | Depths:3 | Received a gift from Okawaru
 76660 | Depths:3 | Noticed a golden dragon
 76685 | Depths:3 | Killed a golden dragon
 77259 | Depths:3 | Reached skill level 25 in Fighting
 77507 | Depths:3 | Received a gift from Okawaru
 77805 | Depths:3 | Reached XP level 23. HP: 128/236 MP: 28/28
 79062 | Depths:4 | Entered Level 4 of the Depths
 79153 | Depths:4 | Found a one-way gateway to a ziggurat.
 79155 | Depths:4 | Noticed a juggernaut
 79177 | Depths:4 | Killed a juggernaut
 79272 | Depths:3 | Received a gift from Okawaru
 79323 | Depths:4 | Noticed Louise
 79356 | Depths:4 | Killed Louise
 79429 | Depths:4 | Reached skill level 26 in Fighting
 79645 | Depths:4 | Noticed a golden dragon
 79654 | Depths:4 | Received a gift from Okawaru
 79662 | Depths:4 | Killed a golden dragon
 80076 | Depths:4 | Found a broken altar of Ashenzari.
 80215 | Depths:4 | Received a gift from Okawaru
 80839 | Depths:4 | Found a gate to the Realm of Zot.
 81137 | Elf:1    | Entered Level 1 of the Elven Halls
 81150 | Elf:1    | Identified the +0 pair of boots "Zilafae" {rC+ Dex+4}
                  | (Okawaru gifted it to you on level 1 of the Elven Halls)
 81150 | Elf:1    | Received a gift from Okawaru
 81375 | Elf:1    | Found a large runed translucent door.
 81381 | Elf:1    | Found a large runed translucent door.
 81470 | Elf:1    | Noticed agentgt's ghost (adept HuVM)
 81532 | Elf:1    | Found Kuadda Hohe's Armour Shop.
 81590 | Elf:1    | Acquired 326 gold pieces
 81975 | Elf:1    | Killed agentgt's ghost
 82109 | Elf:2    | Paralysed by an air elemental for 1 turns
 82114 | Elf:1    | Paralysed by an air elemental for 1 turns
 82239 | Elf:1    | Reached skill level 27 in Fighting
 82498 | Elf:2    | Found Kyfierr's One-of-a-Kind Books.
 82499 | Elf:2    | Found Nainual's Book Shoppe.
 82523 | Elf:2    | Found Busmes's Jewellery Shoppe.
 82542 | Elf:2    | Bought the ring of the Tortoise {AC+8} for 2176 gold pieces
 82542 | Elf:2    | Found the ring of the Tortoise {AC+8}
 82635 | Elf:2    | Found Ponyzxo's Distillery.
 82654 | Elf:2    | Paralysed by an air elemental for 1 turns
 82910 | Elf:2    | Found Evisk's Distillery.
 82941 | Elf:2    | Found Weangimu's Distillery.
 83052 | Elf:2    | Reached XP level 24. HP: 214/249 MP: 28/28
 83124 | Elf:2    | Found a runed translucent gate.
 83125 | Elf:2    | Found a runed translucent gate.
 83125 | Elf:2    | Found a runed translucent gate.
 83216 | Elf:2    | Paralysed by an air elemental for 1 turns
 83381 | Elf:3    | Entered Level 3 of the Elven Halls
 83391 | Elf:3    | Received a gift from Okawaru
 83791 | Elf:3    | Identified Roxanne's Compendium of the Rocks
 83791 | Elf:3    | Noticed Roxanne
 83842 | Elf:2    | HP: 71/249 [deep elf zephyrmancer/bolt of lightning (21)]
 83850 | Elf:2    | HP: 58/249 [+0 scimitar of holy wrath (4)]
 83856 | Elf:2    | HP: 35/249 [+0 scimitar of holy wrath (20)]
 83859 | Elf:2    | HP: 10/249 [deep elf zephyrmancer/bolt of lightning (26)]
 83865 | Elf:1    | HP: 61/249 [+1 long sword of holy wrath (2)]
 85828 | Elf:3    | Identified the +5 long sword "Utoem" {vorpal, rC+}
 85831 | Elf:3    | Cast into level 3 of the Abyss (a deep elf sorcerer)
 86086 | Abyss:3  | Gained mutation: Your body sometimes deteriorates upon
                  | taking damage. [a neqoxec]
 86214 | Elf:3    | Escaped the Abyss
 86370 | Elf:3    | Received a gift from Okawaru
 86712 | Elf:3    | Identified the +4 scale mail of Woaram {+Blink Str+2 Int-5}
 86894 | Elf:3    | Identified the +7 chain mail "Mecid" {rElec rN+ Dex-3}
 86925 | Elf:3    | Identified the +6 whip "Neol" {vorpal, rF++ Will+ rCorr
                  | Int-2}
 86945 | Elf:3    | Found the +3 giant club "Skullcrusher" {speed, Str+7}
 87511 | Slime:1  | Entered Level 1 of the Pits of Slime
 87727 | Slime:2  | Gained mutation: Your magical capacity is low. (-10% MP) [a
                  | shining eye]
 88193 | Slime:4  | Gained mutation: Your muscles are very strong. (Str +4) [a
                  | shining eye]
 88399 | Slime:4  | Gained mutation: Your body often deteriorates upon taking
                  | damage. [a shining eye]
 88425 | Slime:5  | Entered Level 5 of the Pits of Slime
 88756 | Slime:4  | Identified the +1 pair of gloves "Piakk" {Fly rN+} (Okawaru
                  | gifted it to you on level 4 of the Pits of Slime)
 88756 | Slime:4  | Received a gift from Okawaru
 88825 | Slime:5  | Noticed the Royal Jelly
 89607 | Slime:4  | Reached XP level 25. HP: 253/257 MP: 25/25
 89619 | Slime:5  | Gained mutation: You are frail. (-10% HP) [a shining eye]
 89620 | Slime:5  | Gained mutation: You have hidden genetic defects. [a
                  | shining eye]
 89623 | Slime:4  | Gained mutation: You sometimes lose the ability to read
                  | scrolls when taking damage. [a shining eye]
 89924 | Slime:4  | Lost mutation: You have hidden genetic defects. [potion of
                  | mutation]
 89924 | Slime:4  | Lost mutation: Your spells are a little easier to cast, but
                  | a little less powerful. [potion of mutation]
 89924 | Slime:4  | Lost mutation: You are strong-willed. (Will+) [potion of
                  | mutation]
 89924 | Slime:4  | Gained mutation: Potions are less effective at restoring
                  | your health. [potion of mutation]
 89924 | Slime:4  | Gained mutation: You have a pair of small antennae on your
                  | head. [potion of mutation]
 89925 | Slime:4  | Lost mutation: You are frail. (-10% HP) [potion of
                  | mutation]
 89925 | Slime:4  | Lost mutation: Your muscles are very strong. (Str +4)
                  | [potion of mutation]
 89925 | Slime:4  | Gained mutation: You are somewhat resistant to further
                  | mutation. [potion of mutation]
 89926 | Slime:4  | Lost mutation: You have a pair of small antennae on your
                  | head. [potion of mutation]
 89926 | Slime:4  | Lost mutation: Your body often deteriorates upon taking
                  | damage. [potion of mutation]
 89926 | Slime:4  | Lost mutation: Potions are less effective at restoring your
                  | health. [potion of mutation]
 89926 | Slime:4  | Gained mutation: Your spells are a little harder to cast,
                  | but a little more powerful. [potion of mutation]
 89926 | Slime:4  | Gained mutation: Your body often deteriorates upon taking
                  | damage. [potion of mutation]
 89926 | Slime:4  | Gained mutation: Your flesh is heat resistant. (rF+)
                  | [potion of mutation]
 90266 | Slime:5  | Found a viscous altar of Jiyva.
 90272 | Slime:5  | Found the +6 arbalest "Damnation" {damnation}
 91115 | Slime:5  | Killed the Royal Jelly
 91142 | Slime:5  | Identified the ring "Vuqeph" {rElec rF+}
 91148 | Slime:5  | Got a slimy rune of Zot
 91181 | Slime:5  | Identified the +1 leather armour of Wonderful Contentment
                  | {Harm}
 91183 | Slime:5  | Got Purche's Collected Works on Earthen Displacement
 91675 | Zot:1    | Entered Level 1 of the Realm of Zot
 91873 | Zot:1    | Received a gift from Okawaru
 93404 | Zot:2    | Learned a level 2 spell: Blink
 93407 | Zot:2    | Learned a level 2 spell: Passwall
 93410 | Zot:2    | Learned a level 2 spell: Wereblood
 93521 | Zot:2    | Reached skill level 1 in Transmutations
 93575 | Zot:2    | Reached skill level 1 in Earth Magic
 93608 | Zot:2    | Identified the +1 ring mail "Zemierin" {MP+9 Int+8 Dex-5}
                  | (Okawaru gifted it to you on level 2 of the Realm of Zot)
 93608 | Zot:2    | Received a gift from Okawaru
 96912 | Zot:3    | Reached skill level 5 in Transmutations
 97933 | Zot:4    | Received a gift from Okawaru
 97944 | Zot:4    | Reached skill level 5 in Earth Magic
 97992 | Zot:4    | Identified the +1 ring mail "Guap" {Will+ rCorr}
 98089 | Zot:4    | Reached XP level 26. HP: 265/266 MP: 26/26
 99264 | Zot:5    | Entered Level 5 of the Realm of Zot
 99312 | Zot:5    | Found the +0 mask of the Dragon {Will+ Slay+3 SInv}
 99362 | Zot:5    | Noticed a dread lich
 99362 | Zot:5    | Noticed an orb of fire
 99362 | Zot:5    | Noticed an orb of fire
 99362 | Zot:5    | Noticed a Killer Klown
 99362 | Zot:5    | Noticed a Killer Klown
 99362 | Zot:5    | Noticed a Killer Klown
 99376 | Zot:5    | Noticed a Killer Klown
 99378 | Zot:5    | Noticed an orb of fire
 99382 | Zot:5    | Killed a dread lich
 99390 | Zot:5    | Killed an orb of fire
 99650 | Zot:5    | Identified the +5 hand axe of Gimn {elec, SInv} (Okawaru
                  | gifted it to you on level 5 of the Realm of Zot)
 99650 | Zot:5    | Received a gift from Okawaru
 99880 | Zot:5    | Reached skill level 1 in Spellcasting
 99941 | Zot:5    | Lost mutation: Your muscles are strong. (Str +2) [an orb of
                  | fire]
 99946 | Zot:5    | Killed an orb of fire
 99953 | Zot:5    | Noticed a Killer Klown
 99961 | Zot:5    | Noticed a dread lich
 99973 | Zot:5    | Paralysed by a dread lich for 6 turns
 99985 | Zot:5    | HP: 67/265 [???[a dread lich] (42)]
 99992 | Zot:5    | HP: 46/262 [???[a dread lich] (29)]
 99997 | Zot:5    | Killed a dread lich
 99997 | Zot:5    | Received a gift from Okawaru
 99997 | Zot:5    | HP: 43/263 [Killer Klown/klown pie (21)]
100002 | Zot:5    | Killed a Killer Klown
100430 | Zot:5    | Killed a Killer Klown
100483 | Zot:5    | HP: 87/266 [electric golem/bolt of lightning (8)]
100868 | Zot:5    | Identified the +1 pair of boots "Atwenoide" {Will- Str+9}
                  | (Okawaru gifted it to you on level 5 of the Realm of Zot)
100868 | Zot:5    | Received a gift from Okawaru
101329 | Zot:5    | Gained mutation: You are occasionally teleported next to
                  | monsters. [an orb of fire]
101347 | Zot:5    | Killed an orb of fire
101678 | Zot:5    | Noticed a Killer Klown
101694 | Zot:5    | Noticed an orb of fire
101694 | Zot:5    | Noticed a Killer Klown
101706 | Zot:5    | Noticed a Killer Klown
101713 | Zot:5    | Killed a Killer Klown
102068 | Zot:5    | Killed a Killer Klown
102270 | Zot:5    | Killed a Killer Klown
102276 | Zot:5    | Gained mutation: You are dopey. (Int -2) [an orb of fire]
102286 | Zot:5    | Gained mutation: You are frail. (-10% HP) [an orb of fire]
102292 | Zot:5    | Killed an orb of fire
102304 | Zot:5    | Killed a Killer Klown
102405 | Zot:4    | Lost mutation: You are dopey. (Int -2) [potion of mutation]
102405 | Zot:4    | Lost mutation: You sometimes lose the ability to read
                  | scrolls when taking damage. [potion of mutation]
102406 | Zot:4    | Lost mutation: Your magical capacity is low. (-10% MP)
                  | [potion of mutation]
102406 | Zot:4    | Lost mutation: You are somewhat resistant to further
                  | mutation. [potion of mutation]
102406 | Zot:4    | Lost mutation: You are occasionally teleported next to
                  | monsters. [potion of mutation]
102406 | Zot:4    | Gained mutation: Your system is resistant to poisons.
                  | (rPois) [potion of mutation]
102406 | Zot:4    | Lost mutation: Your system is resistant to poisons. (rPois)
                  | [potion of mutation]
102406 | Zot:4    | Gained mutation: You are partially covered in iridescent
                  | scales. (AC +2) [potion of mutation]
102421 | Zot:4    | Lost mutation: You are partially covered in iridescent
                  | scales. (AC +2) [potion of mutation]
102421 | Zot:4    | Lost mutation: Your flesh is heat resistant. (rF+) [potion
                  | of mutation]
102421 | Zot:4    | Gained mutation: You are weak. (Str -2) [potion of
                  | mutation]
102421 | Zot:4    | Lost mutation: You are weak. (Str -2) [potion of mutation]
102421 | Zot:4    | Gained mutation: You have a pair of small antennae on your
                  | head. [potion of mutation]
102699 | Zot:5    | Killed a Killer Klown
102720 | Zot:5    | Noticed a Killer Klown
102736 | Zot:5    | Killed a Killer Klown
102765 | Zot:5    | Killed a Killer Klown
102765 | Zot:5    | Received a gift from Okawaru
102845 | Zot:5    | Got the Orb of Zot
102863 | Zot:5    | Received a gift from Okawaru
102941 | Zot:5    | Noticed Nefrof the pandemonium lord
102953 | Zot:5    | Killed Nefrof the pandemonium lord
102966 | Zot:5    | Reached XP level 27. HP: 178/245 MP: 24/29
103059 | Zot:1    | HP: 76/245 [hellion/damnation (44)]
103080 | Zot:1    | Noticed Lant the pandemonium lord
103128 | Zot:1    | HP: 70/242 [Lant the pandemonium lord (10)]
103135 | Zot:1    | HP: 67/241 [Lant the pandemonium lord (6)]
103152 | Zot:1    | HP: 68/239 [Lant the pandemonium lord (4)]
103252 | Zot:1    | Noticed Ujaapt the pandemonium lord
103287 | Zot:1    | HP: 74/238 [Ujaapt the pandemonium lord/iron shot (48)]
103575 | D:15     | Noticed Poahaf the pandemonium lord
103618 | D:13     | Received a gift from Okawaru
103864 | D:1      | phew
103864 | D:1      | finallly a brigand win
103864 | D:1      | and that was the worst zot5 and ascent in a while
103864 | D:1      | and no good armor until scales on zot 5
103864 | D:1      | and i never use the fancy darts
103864 | D:1      | no good 1h axes either
103865 | D:$      | Escaped with the Orb!

Illustrated notes

...# ♣≈≈≈♣♣≈≈P♣♣P≈P♣ ###. ##.#
♣♣≈≈≈♣♣≈≈≈♣♣≈≈≈♣ #>.. ...###
♣..^.♣♣.^..♣.^.♣ #... #....#
♣PP..♣♣P..P♣...♣###... #.##.#
♣♣♣♣♣♣♣.♣♣♣♣.♣♣♣♣.♣♣#.....
#.##.#♣♣P≈.P♣........♣♣P.♣
#.####
#...>#♣8≈≈^..........♣♣P.###.#
######♣♣P≈.P♣.......)PP......#
♣♣♣♣♣♣...@............#
♣♣≈≈.P♣.......P.P......####
♣8≈≈^..........♣♣..######..
♣♣P≈.P♣........♣♣..♣ #.....
♣♣♣♣♣♣♣.♣♣♣♣.♣♣♣♣.♣♣#.##..
♣PP..♣♣P..P♣...♣#.##.. #####
♣..^.♣♣.^..♣.^.♣#.####
....#### ♣♣≈≈≈♣♣≈≈≈♣♣≈≈≈♣#.#
.##.#..#####♣≈≈P♣♣≈≈P♣♣P≈P♣#.#


Turn 103864 on D:1: phew

Levels and vault maps discovered:
D:1:      psy_arrival_wood_between_worlds, layout_basic,
          hellmonk_ecumenical_altar_run_dry, columned_hall_lemuel
D:2:      layout_rooms, basic_altar, serial_shops, shop, uniq_crazy_yiuf_cottage
D:3:      layout_basic, portal_sewer_entry_f, minmay_joined_circles
D:4:      layout_cave_pools, mainiacjoe_overflow_paths, minmay_divided_ellipse
D:5:      layout_loops_cross, yredelemnul_forgotten_temple_becter
D:6:      layout_cave_pools, mainiacjoe_overflow_catch_the_wave,
          nicolae_uskayaw_dance_studio
D:7:      layout_cave_pods, zin_academy, minmay_temple_entry_statues_fountains,
          serial_shops, shop, minmay_misc_feat_enclosed
D:8:      nicolae_cairo_tiling, layout_cave_pools
D:9:      minmay_distorted_concentric_squares, layout_gridville,
          nicolae_overflow_hidden_temple, uniq_erica
D:10:     layout_stronghold, nicolae_gozag_seed_capital, david_lair_generic,
          minmay_misc_feat_doors, uniq_maggie, uniq_harold, uniq_maurice,
          uniq_psyche
D:11:     layout_rooms
D:12:     layout_stronghold, minmay_orc_entry_temple_small, uniq_josephine
D:13:     layout_loops_ring, tgw_trog, uniq_erolcha
D:14:     layout_long_grid, hangedman_vaults_entry_quadrant_bands,
          minmay_misc_feat_hallway, uniq_snorg
D:15:     grunt_enter_depths_hoard, layout_loops_ring, serial_shops, shop, shop,
          nicolae_shop_trees
Lair:1:   layout_cave_shapes, gammafunk_ghost_wrathful_warriors,
          lemuel_fruit_fields
Lair:2:   layout_loops_ring, ebering_ghost_inner_flame, minmay_holes
Lair:3:   layout_long_grid, small_statue_intersection
Lair:4:   layout_layer_cave, minmay_shoals_entry_centaurs,
          spider_nest_entry_funnel_web, nicolae_lair_run_with_the_wolves,
          lemuel_fruit_tree, serial_bayou_shore_b, serial_bayou_shore_b
Lair:5:   minmay_lair_oklob_tunnel, layout_concentric_octagons,
          dpeg_slime_entry_enclosed_altar, serial_bayou_lagoon_a,
          chequers_serial_rivers_micro_d, infiniplex_staircase_pool_2,
          grunt_megastairs_5
Lair:6:   wormcave, layout_hall_layers, hangedman_lair_caniforms_friends,
          chequers_serial_rivers_small_b, nicolae_lair_liquid_snakes
Shoals:1: layout_shoals
Shoals:2: layout_shoals, nicolae_shoals_goliath_grotto
Shoals:3: layout_shoals, nicolae_shoals_beach_cooler, uniq_donald,
          uniq_mlioglotl, uniq_kirke
Shoals:4: shoals_end_hangedman, layout_shoals, shoal_ilsuiw, uniq_polyphemus
Spider:1: layout_spider_delve, uniq_jorgrun
Spider:2: layout_spider_delve
Spider:3: layout_chambers, nicolae_spider_bug_shape
Spider:4: johnstein_spider_rune_arachne_lair
Slime:1:  layout_caves
Slime:2:  layout_caves
Slime:3:  layout_caves
Slime:4:  layout_caves
Slime:5
Orc:1:    layout_diamond_mine, nicolae_orc_pool_cavern
Orc:2:    kennysheep_orc_mage_school, layout_diamond_mine, mines4_lemuel
Elf:1:    eino_elf_arrival_the_gate, layout_rooms, serial_shops, shop,
          ebering_ghost_disaster_area, hangedman_elf_represent
Elf:2:    nicolae_elf_blades_crystal_corner, layout_gridlike, serial_shops,
          shop, shop, nicolae_shop_waterfront, shop,
          nicolae_shop_advertising_works [nicolae_subvault_shop_adworks],
          nicolae_rare_books, library_closet, evilmike_ambush
          [evilmike_ambush_outer_corners, evilmike_ambush_inner_pond]
Elf:3:    minmay_elf_hall_dome, layout_rooms, grunt_megastairs_3, uniq_roxanne
Vaults:1: vaults_dpeg_diagonal, vaults_mumra_minichess_inversion,
          hangedman_vaults_cutoff, nicolae_vaults_shelves_hall,
          hangedman_vaults_maws, layout_vaults_big_cross, serial_shops, shop
Vaults:2: vaults_room_ringed_pool, vaults_room_octagon, st_lattice,
          hangedman_vaults_slice, v_pattern_1, nicolae_vaults_little_ls,
          ontoclasm_vaults_misaligned, serial_ice_g,
          nicolae_vaults_circle_grid_a, dpeg_vaults_monster_box,
          ontoclasm_vaults_misaligned, vaults_room_pool, hangedman_vaults_trim,
          vaults_room_stairs_pillars, layout_vaults_maze_snakey,
          minmay_crypt_entry_simple_statues
Vaults:3: portal_desolation_entry_holy_temple, vaults_dpeg_doors,
          hangedman_vaults_nodes, v_misc_22, nicolae_vaults_little_squares_1,
          nicolae_vaults_little_squares_1, nicolae_vaults_border_crossing,
          nicolae_vaults_sealed_display, ontoclasm_vaults_hangar,
          nicolae_vaults_gold_heap, layout_vaults_omnibox
Vaults:4: st_greater_box_4, vaults_dpeg_encased_lava, ontoclasm_vaults_twist,
          vaults_room_fancy_cross, nicolae_vaults_yaktaur_gun_rack,
          vaults_room_fours, grunt_vaults_twisty, ontoclasm_vaults_chip,
          ontoclasm_vaults_eye, nicolae_vaults_mini_display_case,
          layout_vaults_big_room, uniq_margery
Depths:1: layout_gridlike, abyss_entry_glasseish, pf_dread_powers_of_hell,
          hangedman_decor_peaks_small, kennysheep_big_empty_room,
          nicolae_shop_clearance, infiniplex_staircase_pool_lava
Depths:2: minmay_containers, layout_cave_pools, grunt_pan_entry_zigzag,
          hell_entry, wad_scary_box, infiniplex_staircase_diamond
Depths:3: minmay_the_grid_net [minmay_the_grid_broken_lines,
          minmay_the_grid_tiny_cups, minmay_the_grid_mess,
          minmay_the_grid_pillar_ring, minmay_the_grid_tree,
          minmay_the_grid_prize_diamond_cup], layout_basic,
          minmay_misc_feat_more_columns, grunt_hell_horde,
          grunt_pan_entry_in_and_out, abyss_entry_flame_altar, minmay_orc_keep
Depths:4: evilmike_zot_entry_gauntlet, layout_gridlike, enter_ziggurat_a,
          grunt_hell_entry_dis_mu, evilmike_ruin_ashenzari,
          nicolae_abyss_entry_one_way_or_another
Zot:1:    layout_gridlike
Zot:2:    kennysheep_six_static_rooms, layout_basic, grunt_ministairs_5
Zot:3:    layout_basic
Zot:4:    layout_misc_corridors, grunt_ministairs_1
Zot:5:    layout_cathedral_of_symmetry, st_stairs_7

Skill      XL: |  1  2  3  4  5  6  7  8  9 10 11 12 13 14 15 16 17 18 19 20 21 22 23 24 25 26 |
---------------+-------------------------------------------------------------------------------+-----
Fighting       | 3 4 5 6 8 10 13 15 16 18 19 21 22 23 25 27 | 27.0
Maces & Flails | 3 5 7 9 |  9.4
Axes           | 4 11 13 15 16 17 | 17.2
Shields        | 3 7 9 10 12 14 15 17 19 22 23 24 | 24.9
Invocations    | 5 6 7 8 |  8.1
Armour         | 5 7 9 11 13 14 16 17 19 20 | 20.7
Dodging        | 3 4 6 8 10 | 10.3
Throwing       | 3 5 7 9 10 12 14 | 14.8
Evocations     | 3 7 8 9 |  9.3
Transmutations | 5 7 |  7.9
Earth Magic    | 5 8 |  8.2
Spellcasting   | 3 |  3.8
Short Blades   | |  2.0
Stealth        | |  3.2

Action                   |  1- 3 |  4- 6 |  7- 9 | 10-12 | 13-15 | 16-18 | 19-21 | 22-24 | 25-27 || total
-------------------------+-------+-------+-------+-------+-------+-------+-------+-------+-------++-------
Melee: Dagger            |   115 |   247 |   179 |       |       |       |       |       |       ||   541
       Punch             |       |     3 |     4 |       |       |       |       |       |       ||     7
       Hand axe          |       |       |   137 |       |       |       |       |       |       ||   137
       Mace              |       |       |   127 |   141 |       |       |       |       |       ||   268
       War axe           |       |       |     4 |   118 |       |       |       |       |       ||   122
       Broad axe         |       |       |       |    89 |  1260 |  1706 |  1658 |  2145 |  1438 ||  8296
       Eveningstar       |       |       |       |       |       |       |       |       |    83 ||    83
Throw: Dart              |     1 |     6 |    19 |    10 |    76 |   112 |       |       |     1 ||   225
       Boomerang         |       |       |       |       |       |    33 |    48 |   238 |   164 ||   483
       Javelin           |       |       |       |       |       |       |       |    14 |    46 ||    60
Invok: Heroism           |       |       |     8 |    16 |    20 |    43 |    27 |    32 |    30 ||   176
       Finesse           |       |       |       |     5 |     5 |     8 |     8 |     2 |     8 ||    36
Evoke: Wand              |       |     2 |     4 |     1 |       |       |       |       |     2 ||     9
       Condenser vane    |       |       |       |       |       |       |     1 |     2 |     3 ||     6
  Use: Scroll            |       |     8 |     3 |    16 |    12 |     5 |     3 |     1 |    12 ||    60
       Potion            |       |       |     1 |     1 |     1 |     2 |       |     2 |    21 ||    28
 Stab: Sleeping          |     8 |       |       |       |       |       |       |       |       ||     8
       Distracted        |       |     1 |       |     1 |       |       |       |       |     1 ||     3
       Petrified         |       |       |       |       |     3 |       |       |       |       ||     3
Armor: Robe              |    30 |    15 |       |       |       |       |       |       |       ||    45
       Ring mail         |       |    42 |       |       |       |       |       |       |       ||    42
       Chain mail        |       |    39 |   266 |   107 |   615 |   541 |       |       |       ||  1568
       Acid dragon scale |       |       |       |    18 |       |       |       |       |       ||    18
       Plate armour      |       |       |       |       |       |   313 |   695 |   811 |   356 ||  2175
       Gold dragon scale |       |       |       |       |       |       |       |       |   194 ||   194
Dodge: Dodged            |    52 |    92 |   118 |    93 |   308 |   610 |   598 |   798 |   409 ||  3078
Block: Kite shield       |       |       |    68 |   171 |   716 |  1057 |   932 |   474 |       ||  3418
       Tower shield      |       |       |       |       |       |       |       |  1466 |  1262 ||  2728
